 Dungeon Crawl Stone Soup version 0.26.1-11-gd32895ea62 (webtiles) character file.

Game seed: 15355494128714064724

7547 phalm the Nimble (level 11, -17/89 HPs)
             Began as a Gnoll Monk on May 6, 2021.
             Was a High Priest of Okawaru.
             Demolished by a white ugly thing (21 damage)
             ... on level 11 of the Dungeon.
             The game lasted 00:33:51 (10695 turns).

phalm the Nimble (Gnoll Monk)                      Turns: 10695, Time: 00:33:52

Health: -17/89     AC: 13    Str: 16    XL:     11   Next: 17%
Magic:  20/20      EV: 18    Int: 12    God:    Okawaru [*****.]
Gold:   598        SH:  5    Dex: 17    Spells: 21/22 levels left

rFire    . . .     SeeInvis +   a - +3 long sword
rCold    . . .     Faith    .   (no shield)
rNeg     . . .     Spirit   .   w - +3 leather armour of Lohiuk {Rampage Int-2 SInv Stlth+}
rPois    .         Reflect  +   (no helmet)
rElec    .         Harm     .   (no cloak)
rCorr    .         Rampage  +   z - +0 pair of gloves
Will     .....                  d - +0 pair of boots
Stlth    +++++.....             o - amulet of reflection
HPRegen  0.24/turn              O - +4 ring of protection
MPRegen  0.17/turn              (no ring)

@: no status effects
A: distributed training, fangs 1, strong nose
a: Renounce Religion, Heroism, Finesse


You were on level 11 of the Dungeon.
You worshipped Okawaru.
Okawaru was extremely pleased with you.
You visited 2 branches of the dungeon, and saw 12 of its levels.

You collected 752 gold pieces.
You spent 154 gold pieces at shops.


Innate Abilities, Weirdness & Mutations

Your experience applies equally to all skills.
You have very sharp teeth.
Your uncanny sense of smell can sniff out nearby items.


   Skills:
 + Level 9.0 Fighting
 + Level 6.0 Short Blades
 + Level 9.0 Long Blades
 + Level 6.0 Axes
 + Level 6.0 Maces & Flails
 + Level 6.0 Polearms
 + Level 6.0 Staves
 + Level 6.0 Slings
 + Level 6.0 Bows
 + Level 6.0 Crossbows
 + Level 6.0 Throwing
 + Level 6.0 Armour
 + Level 9.0 Dodging
 + Level 7.4 Stealth
 + Level 6.0 Shields
 + Level 6.0 Unarmed Combat
 + Level 6.0 Spellcasting
 + Level 5.0 Conjurations
 + Level 5.0 Hexes
 + Level 5.0 Summonings
 + Level 5.0 Necromancy
 + Level 5.0 Translocations
 + Level 5.0 Transmutations
 + Level 5.0 Fire Magic
 + Level 5.0 Ice Magic
 + Level 5.0 Air Magic
 + Level 5.0 Earth Magic
 + Level 5.0 Poison Magic
 + Level 6.6 Invocations
 + Level 6.0 Evocations


You had 21 spell levels left.
You knew the following spells:

 Your Spells              Type           Power        Failure   Level
c - Corona                Hex            16%          2%          1

Your spell library contained the following spells:

 Spells                   Type           Power        Failure   Level
 Animate Skeleton         Necr           30%          2%          1
 Apportation              Tloc           30%          2%          1
 Shock                    Conj/Air       60%          2%          1
 Summon Small Mammal      Summ           60%          2%          1
 Swiftness                Air            15%          4%          2
 Static Discharge         Conj/Air       15%          9%          3
 Airstrike                Air            7%           26%         4
 Lightning Bolt           Conj/Air       7%           58%         5

Inventory:

Hand Weapons
 a - a +3 long sword (weapon)
   (You took it off a wight on level 11 of the Dungeon)
 b - a +0 fustibalus
   (You found it on level 9 of the Dungeon)
 e - the +3 rapier of the Swamp {flame, rN+ Dex-2 SInv Stlth+}
   (You found it on level 6 of the Dungeon)

   It has been specially enchanted to burn those struck by it, causing extra
   injury to most foes and up to half again as much damage against particularly
   susceptible opponents.
   It affects your dexterity (-2).
   It protects you from negative energy.
   It lets you see invisible.
   It makes you more stealthy.
 f - a +1 falchion of electrocution
   (You found it on level 3 of the Dungeon)
Missiles
 k - 117 sling bullets
 l - 336 stones
 r - a throwing net {=f!f}
 t - 36 arrows
 x - 107 bolts
 I - 4 boomerangs
 P - 10 poisoned darts (quivered)
Armour
 d - a +0 pair of boots (worn)
   (You found it on level 1 of the Dungeon)
 q - a +2 ring mail of poison resistance
   (You found it on level 2 of the Dungeon)
 w - the +3 leather armour of Lohiuk (worn) {Rampage Int-2 SInv Stlth+}
   (You found it on level 7 of the Dungeon)

   It affects your intelligence (-2).
   It lets you see invisible.
   It bestows one free step when moving towards enemies.
   It makes you more stealthy.
 z - a +0 pair of gloves (worn)
   (You found it on level 4 of the Dungeon)
 R - the +9 plate armour of Refuge {Rampage rF+ Int+3}
   (You found it on level 10 of the Dungeon)

   It affects your intelligence (+3).
   It protects you from fire.
   It bestows one free step when moving towards enemies.
Jewellery
 o - an amulet of reflection (around neck)
   (You found it on level 2 of the Dungeon)
 L - the amulet of Vairaz {*Corrode rC+ Regen+ Dex+5}
   (You found it on level 6 of the Dungeon)

   [amulet of regeneration]

   It affects your dexterity (+5).
   It protects you from cold.
   It increases your rate of regeneration.
   It may corrode you when you take damage.
 O - a +4 ring of protection (left hand)
   (You found it on level 2 of the Dungeon)
 Q - an uncursed amulet of magic regeneration
   (You found it on level 9 of the Dungeon)
Wands
 p - a wand of flame (10)
   (You took it off an orc on level 7 of the Dungeon)
 s - a wand of polymorph (2)
   (You took it off Natasha on level 2 of the Dungeon)
Scrolls
 c - 4 scrolls of amnesia
 n - a scroll of noise {unknown}
 A - 6 scrolls of teleportation {@r4}
 C - 3 scrolls of enchant armour
 H - 2 scrolls of enchant weapon {unknown}
 J - a scroll of fog
 N - a scroll of blinking {unknown}
 T - a scroll of magic mapping {unknown}
 U - a scroll of fear {unknown}
Potions
 h - 2 potions of haste {unknown}
 i - a potion of resistance {unknown}
 j - 4 potions of brilliance {unknown}
 m - 2 potions of lignification {unknown}
 u - 2 potions of ambrosia {unknown}
 v - 2 potions of curing {@q1}
 B - a potion of berserk rage {unknown}
 E - a potion of heal wounds {unknown}
 G - 2 potions of cancellation {unknown}
 K - a potion of attraction {unknown}
 M - a potion of might {unknown}
Miscellaneous
 y - a tin of tremorstones (inert)
   (You found it on level 7 of the Dungeon)

Dungeon Overview and Level Annotations

Branches:
Dungeon (11/15)            Temple (1/1) D:4            Lair (0/6) D:9
    Orc: D:9-12

Altars:
Cheibriados
Dithmenos
Elyvilon
Fedhas
Gozag
Hepliaklqana
Kikubaaqudgha
Makhleb
Nemelex Xobeh
Okawaru
Qazlal
Ru
Sif Muna
Uskayaw
Vehumet
Wu Jian
Xom
Zin
The Shining One

Shops:
D:4 [

Annotations:
D:10 Tirrikindir's ghost, journeyman HOFi

.## #...#....#
....##.........
.#.#.....#......
................
#......<........
#...............
#.......u......
#####.[....@...>...
...................
####...............
#.........<........
#......†....#.....#
#..........#####..#
#.....)....# #..
#.####!##### .. #
#).#


You could see a white ugly thing.


Message History

You hit the wight. 😮 HP[+1]
You hit the wight. Your bite misses the wight. The wight closely misses you.
You barely miss the wight.
The wight hits you but does no damage. 😮 MP[+1]
You hit the wight. Your bite misses the wight. The wight completely misses you.
You hit the wight but do no damage. Your bite misses the wight.
You hit the wight. The wight barely misses you.
You riposte.
You hit the wight.
You destroy the wight!
Okawaru accepts your kill. 😮 HP[+1]
Things that are here:
a cursed -1 dagger; a +0 robe
Items here: ))))) [[[ ††.
D - a +3 long sword
D - a +3 long sword (weapon)
😮 HP[+1] MP[+1]
Things that are here:
a cursed -1 dagger; a +0 robe
Items here: )))) [[[ ††.
Things that are here:
a +0 short sword; a +0 robe
Items here: )))) [[[ ††.
Okay, then.
You drop a +4 falchion. 😮 HP[+1] Adjust to which letter? (? for menu, Esc to quit)
a - a +3 long sword (weapon)
You drop a +0 triple sword of flaming {rare}. 😮 MP[+1]
You drop a potion of flight.
An adder comes into view. 😕 HP[+16] MP[+1]
You regained 16 hp, and now have 80/89 hp.
Your mp is fully restored (20).
You rampage towards the adder! 😕 HP[+1]
You catch the helpless adder completely off-guard!
You slash the adder!
You kill the adder!
Okawaru accepts your kill.
No target in view!
No target in view!
No target in view!
A white ugly thing comes into view. 😕 HP[+3]
You regained 3 hp, and now have 84/89 hp.
A white ugly thing is nearby!
You catch the helpless white ugly thing completely off-guard!
You hit the white ugly thing but do no damage.
You block the white ugly thing's attack. 😕 HP[+1]
You slash the white ugly thing! The white ugly thing barely misses you.
You riposte.
You slash the white ugly thing!
You bite the white ugly thing, but do no damage.
You slash the white ugly thing! The white ugly thing kicks you.
The white ugly thing freezes you!! 😮 HP[-28]
You take 28 damage, and now have 57/89 hp.
MASSIVE DAMAGE!! (PAUSE)
You hit the white ugly thing.
You bite the white ugly thing, but do no damage.
The white ugly thing kicks you. The white ugly thing freezes you!!
* * * LOW HITPOINT WARNING * * *
😨 HP[-28]
You take 28 damage, and now have 29/89 hp.
MASSIVE DAMAGE!! (PAUSE)
You hit the white ugly thing but do no damage.
The white ugly thing closely misses you.
You hit the white ugly thing. Your punch misses the white ugly thing.
The white ugly thing kicks you but does no damage. 😨 HP[+1]
You hit the white ugly thing.
You hit the white ugly thing but do no damage.
You block the white ugly thing's attack.
You hit the white ugly thing but do no damage.
The white ugly thing kicks you but does no damage.
You barely miss the white ugly thing.
The white ugly thing barely misses you. 😨 HP[+1]
You completely miss the white ugly thing.
The white ugly thing misses you.
You riposte.
You hit the white ugly thing.
You completely miss the white ugly thing.
You block the white ugly thing's attack.
You slash the white ugly thing! The white ugly thing kicks you!
* * * LOW HITPOINT WARNING * * *
The white ugly thing freezes you!
* * * LOW HITPOINT WARNING * * *
😱 HP[-29]
You take 29 damage, and now have 2/89 hp.
MASSIVE DAMAGE!! (PAUSE)
Okay, then.
Press: ? - help, v - describe, . - travel
Here: a white ugly thing (severely wounded)
The floor, spattered with blood.
Okay, then.
Okay, then.
You feel better. The white ugly thing kicks you!
* * * LOW HITPOINT WARNING * * *
The white ugly thing freezes you!!
You die...

Skill      XL: |  1  2  3  4  5  6  7  8  9 10 11 |
---------------+----------------------------------+-----
Invocations    | 1 2 3 4 5 6 |  6.6
Short Blades   | 1 2 3 4 5 6 |  6.0
Axes           | 1 2 3 4 5 6 |  6.0
Maces & Flails | 1 2 3 4 5 6 |  6.0
Polearms       | 1 2 3 4 5 6 |  6.0
Staves         | 1 2 3 4 5 6 |  6.0
Slings         | 1 2 3 4 5 6 |  6.0
Bows           | 1 2 3 4 5 6 |  6.0
Crossbows      | 1 2 3 4 5 6 |  6.0
Throwing       | 1 2 3 4 5 6 |  6.0
Armour         | 1 2 3 4 5 6 |  6.0
Shields        | 1 2 3 4 5 6 |  6.0
Unarmed Combat | 1 2 3 4 5 6 |  6.0
Spellcasting   | 1 2 3 4 5 6 |  6.0
Evocations     | 1 2 3 4 5 6 |  6.0
Conjurations   | 1 2 3 4 5 |  5.0
Hexes          | 1 2 3 4 5 |  5.0
Summonings     | 1 2 3 4 5 |  5.0
Necromancy     | 1 2 3 4 5 |  5.0
Translocations | 1 2 3 4 5 |  5.0
Transmutations | 1 2 3 4 5 |  5.0
Fire Magic     | 1 2 3 4 5 |  5.0
Ice Magic      | 1 2 3 4 5 |  5.0
Air Magic      | 1 2 3 4 5 |  5.0
Earth Magic    | 1 2 3 4 5 |  5.0
Poison Magic   | 1 2 3 4 5 |  5.0
Fighting       | 7 8 9 |  9.0
Long Blades    | 7 8 9 |  9.0
Dodging        | 7 8 9 |  9.0
Stealth        | 5 6 7 |  7.4

Action                   |  1- 3 |  4- 6 |  7- 9 | 10-12 || total
-------------------------+-------+-------+-------+-------++-------
Melee: Falchion          |    91 |       |    51 |   128 ||   270
       Bite              |     7 |    14 |    34 |    47 ||   102
       Quarterstaff      |       |    72 |       |       ||    72
       Unarmed           |       |    47 |       |    39 ||    86
       War axe           |       |    35 |    46 |       ||    81
       Rapier            |       |       |   219 |    86 ||   305
       Triple sword      |       |       |       |    33 ||    33
       Punch             |       |       |       |    12 ||    12
       Long sword        |       |       |       |    14 ||    14
 Fire: Hunting sling     |     4 |    68 |    40 |       ||   112
       Fustibalus        |       |       |       |     2 ||     2
Throw: Stone             |     3 |     4 |    13 |    16 ||    36
       Dart              |       |       |     4 |    44 ||    48
 Cast: Corona            |       |       |     1 |       ||     1
Invok: Heroism           |       |       |       |     1 ||     1
       Finesse           |       |       |       |     1 ||     1
Evoke: Wand              |       |       |     8 |     8 ||    16
       Tin of tremorston |       |       |     1 |     1 ||     2
  Use: Scroll            |       |     1 |     8 |     3 ||    12
       Potion            |       |       |     1 |     1 ||     2
 Stab: Sleeping          |     6 |     1 |    23 |       ||    30
       Distracted        |       |       |     2 |     2 ||     4
Armor: Robe              |    10 |       |       |       ||    10
       Ring mail         |     7 |    21 |    21 |       ||    49
       Leather armour    |       |     4 |    77 |    60 ||   141
       Plate armour      |       |       |       |    49 ||    49
Dodge: Dodged            |    77 |   143 |   275 |   206 ||   701
Block: Other             |     2 |    42 |    85 |    56 ||   185
       Reflection        |       |       |     1 |       ||     1
       Rpst.: Falchion   |    31 |       |     8 |    20 ||    59
       Triple sword      |       |       |       |     8 ||     8
       Long sword        |       |       |       |     2 ||     2

Levels and vault maps discovered:
D:1:      minmay_arrival_wavy_path, layout_basic, minmay_tromino_v4_a
D:2:      layout_rooms, pdpol_wu_jian_five_deadly_venoms, uniq_terence,
          uniq_natasha
D:3:      layout_loops_cross, uniq_ijyb
D:4:      layout_basic, dancing_weapons_uskayaw,
          minmay_temple_entry_statues_pillars, serial_shops, nicolae_shop_stone
D:5:      layout_basic, grunt_temple_overflow_gold_and_silver,
          kennysheep_little_box
D:6:      layout_rooms, gammafunk_temple_overflow_claw,
          kennysheep_generic_room_9
D:7:      layout_rooms, serial_curves, eino_curves_03, eino_curves_03,
          eino_curves_04, eino_curves_01, dk_noncrumbling_3
D:8:      layout_loops_ring
D:9:      layout_cave_pools, nicolae_ru_awakened_eye, david_lair_generic,
          basic_altar
D:10:     layout_cave_pools, gammafunk_ghost_spectres, statue_in_the_mist_lemuel
D:11:     layout_rooms, nemelex_altar_shiori
Temple:   oiseaux_autumnal_temple

Notes
Turn   | Place    | Note
-------+----------+-------------------------------------------
     0 | D:1      | phalm the Gnoll Monk began the quest for the Orb.
     0 | D:1      | Reached XP level 1. HP: 23/23 MP: 1/1
     0 | D:1      | magus.rc [v1.9.10]
   192 | D:1      | Reached XP level 2. HP: 29/29 MP: 2/2
   477 | D:1      | Reached XP level 3. HP: 30/35 MP: 3/3
   839 | D:1      | Reached skill level 1 in Invocations
  1124 | D:2      | Reached skill level 1 in Short Blades
  1124 | D:2      | Reached skill level 1 in Axes
  1124 | D:2      | Reached skill level 1 in Maces & Flails
  1124 | D:2      | Reached skill level 1 in Polearms
  1124 | D:2      | Reached skill level 1 in Staves
  1124 | D:2      | Reached skill level 1 in Slings
  1124 | D:2      | Reached skill level 1 in Bows
  1124 | D:2      | Reached skill level 1 in Crossbows
  1124 | D:2      | Reached skill level 1 in Throwing
  1124 | D:2      | Reached skill level 1 in Armour
  1124 | D:2      | Reached skill level 1 in Shields
  1124 | D:2      | Reached skill level 1 in Unarmed Combat
  1124 | D:2      | Reached skill level 1 in Spellcasting
  1124 | D:2      | Reached skill level 1 in Evocations
  1254 | D:2      | Reached XP level 4. HP: 41/41 MP: 5/5
  1418 | D:2      | Noticed Terence
  1424 | D:2      | Killed Terence
  1425 | D:2      | Reached skill level 1 in Conjurations
  1425 | D:2      | Reached skill level 1 in Hexes
  1425 | D:2      | Reached skill level 1 in Summonings
  1425 | D:2      | Reached skill level 1 in Necromancy
  1425 | D:2      | Reached skill level 1 in Translocations
  1425 | D:2      | Reached skill level 1 in Transmutations
  1425 | D:2      | Reached skill level 1 in Fire Magic
  1425 | D:2      | Reached skill level 1 in Ice Magic
  1425 | D:2      | Reached skill level 1 in Air Magic
  1425 | D:2      | Reached skill level 1 in Earth Magic
  1425 | D:2      | Reached skill level 1 in Poison Magic
  1468 | D:2      | Noticed Natasha
  1475 | D:2      | Killed Natasha
  1476 | D:2      | Reached XP level 5. HP: 36/47 MP: 6/6
  1572 | D:2      | Found an ornate altar of the Wu Jian Council.
  1604 | D:2      | Noticed Natasha
  1611 | D:2      | Killed Natasha
  1690 | D:2      | Noticed Natasha
  1711 | D:2      | Killed Natasha
  1991 | D:3      | Noticed Ijyb
  2037 | D:3      | Killed Ijyb
  2104 | D:3      | Reached skill level 2 in Invocations
  2104 | D:3      | Reached XP level 6. HP: 53/53 MP: 8/8
  2490 | D:3      | You pick up a book of Cantrips and begin reading...
  2490 | D:3      | You add the spells Corona, Animate Skeleton, Summon Small
                  | Mammal and Apportation to your library.
  2514 | D:3      | You fall into a shaft and drop 1 floor!
  2521 | D:4      | Found Lufuocwiuda's Antique Armour Shoppe.
  2525 | D:4      | Bought a scorched leather armour for 154 gold pieces
  2540 | D:4      | Identified the cursed +0 leather armour of Raqe {MP+9} (You
                  | bought it in a shop on level 4 of the Dungeon)
  2657 | D:4      | Found a staircase to the Ecumenical Temple.
  2667 | D:4      | Reached skill level 2 in Short Blades
  2667 | D:4      | Reached skill level 2 in Axes
  2667 | D:4      | Reached skill level 2 in Maces & Flails
  2667 | D:4      | Reached skill level 2 in Polearms
  2667 | D:4      | Reached skill level 2 in Staves
  2667 | D:4      | Reached skill level 2 in Slings
  2667 | D:4      | Reached skill level 2 in Bows
  2667 | D:4      | Reached skill level 2 in Crossbows
  2667 | D:4      | Reached skill level 2 in Throwing
  2667 | D:4      | Reached skill level 2 in Armour
  2667 | D:4      | Reached skill level 2 in Shields
  2667 | D:4      | Reached skill level 2 in Unarmed Combat
  2667 | D:4      | Reached skill level 2 in Spellcasting
  2667 | D:4      | Reached skill level 2 in Evocations
  2676 | Temple   | Entered the Ecumenical Temple
  2712 | Temple   | Became a worshipper of Warmaster Okawaru
  2712 | Temple   | Reached * piety under Okawaru
  2712 | Temple   | Reached ** piety under Okawaru
  2887 | D:4      | Noticed a +0 dagger
  2888 | D:4      | Found a hide-covered altar of Uskayaw.
  2888 | D:4      | Noticed a +0 dagger
  3031 | D:4      | Reached XP level 7. HP: 59/59 MP: 10/10
  3170 | D:4      | Reached skill level 7 in Fighting
  3170 | D:4      | Reached skill level 7 in Long Blades
  3170 | D:4      | Reached skill level 7 in Dodging
  3822 | D:5      | Entered Level 5 of the Dungeon
  3830 | D:5      | Reached skill level 2 in Conjurations
  3830 | D:5      | Reached skill level 2 in Hexes
  3830 | D:5      | Reached skill level 2 in Summonings
  3830 | D:5      | Reached skill level 2 in Necromancy
  3830 | D:5      | Reached skill level 2 in Translocations
  3830 | D:5      | Reached skill level 2 in Transmutations
  3830 | D:5      | Reached skill level 2 in Fire Magic
  3830 | D:5      | Reached skill level 2 in Ice Magic
  3830 | D:5      | Reached skill level 2 in Air Magic
  3830 | D:5      | Reached skill level 2 in Earth Magic
  3830 | D:5      | Reached skill level 2 in Poison Magic
  3853 | D:5      | Found a shimmering blue altar of Sif Muna.
  4042 | D:5      | Reached skill level 5 in Stealth
  4042 | D:5      | Reached skill level 3 in Invocations
  4253 | D:5      | Found an opulent altar of Gozag.
  4253 | D:5      | Found a glowing silver altar of Zin.
  4340 | D:5      | Reached XP level 8. HP: 59/67 MP: 12/12
  4728 | D:6      | Reached skill level 3 in Short Blades
  4728 | D:6      | Reached skill level 3 in Axes
  4728 | D:6      | Reached skill level 3 in Maces & Flails
  4728 | D:6      | Reached skill level 3 in Polearms
  4728 | D:6      | Reached skill level 3 in Staves
  4728 | D:6      | Reached skill level 3 in Slings
  4728 | D:6      | Reached skill level 3 in Bows
  4728 | D:6      | Reached skill level 3 in Crossbows
  4728 | D:6      | Reached skill level 3 in Throwing
  4728 | D:6      | Reached skill level 3 in Armour
  4728 | D:6      | Reached skill level 3 in Shields
  4728 | D:6      | Reached skill level 3 in Unarmed Combat
  4728 | D:6      | Reached skill level 3 in Spellcasting
  4728 | D:6      | Reached skill level 3 in Evocations
  4982 | D:6      | Got a coiled bronze amulet
  5124 | D:6      | Got an ichor-stained rapier
  5125 | D:6      | Identified the cursed +3 rapier of the Swamp {flame, rN+
                  | Dex-2 SInv Stlth+} (You found it on level 6 of the Dungeon)
  5136 | D:6      | Found a radiant altar of Vehumet.
  5136 | D:6      | Found a white marble altar of Elyvilon.
  5137 | D:6      | Found a blossoming altar of Fedhas.
  5278 | D:6      | Reached *** piety under Okawaru
  5644 | D:7      | Noticed a green ugly thing
  5661 | D:7      | HP: 15/67 [green ugly thing (5)]
  5672 | D:7      | Killed a green ugly thing
  5673 | D:7      | Reached skill level 3 in Conjurations
  5673 | D:7      | Reached skill level 3 in Hexes
  5673 | D:7      | Reached skill level 3 in Summonings
  5673 | D:7      | Reached skill level 3 in Necromancy
  5673 | D:7      | Reached skill level 3 in Translocations
  5673 | D:7      | Reached skill level 3 in Transmutations
  5673 | D:7      | Reached skill level 3 in Fire Magic
  5673 | D:7      | Reached skill level 3 in Ice Magic
  5673 | D:7      | Reached skill level 3 in Air Magic
  5673 | D:7      | Reached skill level 3 in Earth Magic
  5673 | D:7      | Reached skill level 3 in Poison Magic
  5673 | D:7      | Reached skill level 4 in Invocations
  5793 | D:7      | Reached XP level 9. HP: 35/72 MP: 14/14
  5802 | D:7      | Learned a level 1 spell: Corona
  6003 | D:7      | Got an encrusted leather armour
  6014 | D:7      | Identified the +3 leather armour of Lohiuk {Rampage Int-2
                  | SInv Stlth+} (You found it on level 7 of the Dungeon)
  6119 | D:7      | Reached **** piety under Okawaru
  6523 | D:7      | Reached skill level 4 in Short Blades
  6523 | D:7      | Reached skill level 4 in Axes
  6523 | D:7      | Reached skill level 4 in Maces & Flails
  6523 | D:7      | Reached skill level 4 in Polearms
  6523 | D:7      | Reached skill level 4 in Staves
  6523 | D:7      | Reached skill level 4 in Slings
  6523 | D:7      | Reached skill level 4 in Bows
  6523 | D:7      | Reached skill level 4 in Crossbows
  6523 | D:7      | Reached skill level 4 in Throwing
  6523 | D:7      | Reached skill level 4 in Armour
  6523 | D:7      | Reached skill level 4 in Shields
  6523 | D:7      | Reached skill level 4 in Unarmed Combat
  6523 | D:7      | Reached skill level 4 in Spellcasting
  6523 | D:7      | Reached skill level 4 in Evocations
  6715 | D:8      | Reached skill level 6 in Stealth
  7375 | D:9      | Reached skill level 8 in Fighting
  7375 | D:9      | Reached skill level 8 in Long Blades
  7375 | D:9      | Reached skill level 8 in Dodging
  7402 | D:9      | Reached ***** piety under Okawaru
  7403 | D:9      | Reached skill level 5 in Invocations
  7552 | D:9      | HP: 16/74 [vampire mosquito (11)]
  7554 | D:9      | Reached skill level 4 in Conjurations
  7554 | D:9      | Reached skill level 4 in Hexes
  7554 | D:9      | Reached skill level 4 in Summonings
  7554 | D:9      | Reached skill level 4 in Necromancy
  7554 | D:9      | Reached skill level 4 in Translocations
  7554 | D:9      | Reached skill level 4 in Transmutations
  7554 | D:9      | Reached skill level 4 in Fire Magic
  7554 | D:9      | Reached skill level 4 in Ice Magic
  7554 | D:9      | Reached skill level 4 in Air Magic
  7554 | D:9      | Reached skill level 4 in Earth Magic
  7554 | D:9      | Reached skill level 4 in Poison Magic
  7554 | D:9      | Reached XP level 10. HP: 17/80 MP: 15/17
  7868 | D:9      | Received a gift from Okawaru
  8081 | D:9      | Reached skill level 5 in Short Blades
  8081 | D:9      | Reached skill level 5 in Axes
  8081 | D:9      | Reached skill level 5 in Maces & Flails
  8081 | D:9      | Reached skill level 5 in Polearms
  8081 | D:9      | Reached skill level 5 in Staves
  8081 | D:9      | Reached skill level 5 in Slings
  8081 | D:9      | Reached skill level 5 in Bows
  8081 | D:9      | Reached skill level 5 in Crossbows
  8081 | D:9      | Reached skill level 5 in Throwing
  8081 | D:9      | Reached skill level 5 in Armour
  8081 | D:9      | Reached skill level 5 in Shields
  8081 | D:9      | Reached skill level 5 in Unarmed Combat
  8081 | D:9      | Reached skill level 5 in Spellcasting
  8081 | D:9      | Reached skill level 5 in Evocations
  8190 | D:9      | Found a staircase to the Lair.
  8409 | D:9      | Found a sacrificial altar of Ru.
  8463 | D:9      | Found a burning altar of Makhleb.
  8589 | D:9      | Identified the amulet of Vairaz {*Corrode rC+ Regen+ Dex+5}
                  | (You found it on level 6 of the Dungeon)
  8854 | D:10     | Entered Level 10 of the Dungeon
  9278 | D:10     | Got a masterwork plate armour
  9289 | D:10     | Identified the +9 plate armour of Refuge {Rampage rF+
                  | Int+3} (You found it on level 10 of the Dungeon)
  9334 | D:10     | Reached skill level 6 in Invocations
  9338 | D:10     | Reached skill level 7 in Stealth
  9350 | D:10     | Received a gift from Okawaru
  9408 | D:10     | S - a glowing triple sword {god gift, rare}
  9409 | D:10     | your +0 triple sword of flaming {rare} bursts into flame!
  9409 | D:10     | S - a +0 triple sword of flaming (weapon) {rare}
  9494 | D:10     | You pick up a book of Air and begin reading...
  9494 | D:10     | You add the spells Shock, Swiftness, Static Discharge,
                  | Airstrike and Lightning Bolt to your library.
  9649 | D:10     | Found a runed translucent gate.
  9649 | D:10     | Found a runed translucent gate.
  9649 | D:10     | Found a runed translucent gate.
  9789 | D:10     | Noticed Tirrikindir's ghost (journeyman HOFi)
 10157 | D:10     | your +0 triple sword of flaming {rare} stops flaming.
 10162 | D:10     | your +0 triple sword of flaming {rare} bursts into flame!
 10162 | D:10     | S - a +0 triple sword of flaming (weapon) {rare}
 10420 | D:9      | your +0 triple sword of flaming {rare} stops flaming.
 10483 | D:11     | Noticed a manticore
 10497 | D:11     | Reached XP level 11. HP: 52/87 MP: 19/19
 10497 | D:11     | Killed a manticore
 10549 | D:11     | Reached skill level 9 in Fighting
 10549 | D:11     | Reached skill level 6 in Short Blades
 10549 | D:11     | Reached skill level 9 in Long Blades
 10549 | D:11     | Reached skill level 6 in Axes
 10549 | D:11     | Reached skill level 6 in Maces & Flails
 10549 | D:11     | Reached skill level 6 in Polearms
 10549 | D:11     | Reached skill level 6 in Staves
 10549 | D:11     | Reached skill level 6 in Slings
 10549 | D:11     | Reached skill level 6 in Bows
 10549 | D:11     | Reached skill level 6 in Crossbows
 10549 | D:11     | Reached skill level 6 in Throwing
 10549 | D:11     | Reached skill level 6 in Armour
 10549 | D:11     | Reached skill level 9 in Dodging
 10549 | D:11     | Reached skill level 6 in Shields
 10549 | D:11     | Reached skill level 6 in Unarmed Combat
 10549 | D:11     | Reached skill level 6 in Spellcasting
 10549 | D:11     | Reached skill level 6 in Evocations
 10551 | D:11     | Reached skill level 5 in Conjurations
 10551 | D:11     | Reached skill level 5 in Hexes
 10551 | D:11     | Reached skill level 5 in Summonings
 10551 | D:11     | Reached skill level 5 in Necromancy
 10551 | D:11     | Reached skill level 5 in Translocations
 10551 | D:11     | Reached skill level 5 in Transmutations
 10551 | D:11     | Reached skill level 5 in Fire Magic
 10551 | D:11     | Reached skill level 5 in Ice Magic
 10551 | D:11     | Reached skill level 5 in Air Magic
 10551 | D:11     | Reached skill level 5 in Earth Magic
 10551 | D:11     | Reached skill level 5 in Poison Magic
 10596 | D:11     | You drop a +0 triple sword of flaming {rare}.
 10678 | D:11     | Noticed a white ugly thing
 10694 | D:11     | HP: 19/89 [white ugly thing (12)]
 10694 | D:11     | HP: 2/89 [white ugly thing (17)]
 10695 | D:11     | Demolished by a white ugly thing

Vanquished Creatures
  An ugly thing (D:7)
  A manticore (D:11)
  A centaur skeleton (D:11)
  3 trolls
  3 wraiths (D:10)
  8 yaks
  A wyvern (D:9)
  3 vampire mosquitoes (D:9)
  A soldier ant (D:11)
  A water moccasin (D:8)
  2 sky beasts (D:5)
  2 orc warriors
  2 ice beasts
  2 black bears (D:9)
  3 ogres
  A phantom (D:8)
  A centaur (D:9)
  A big kobold (D:7)
  4 bullfrogs
  2 scorpions
  4 killer bees (D:8)
  7 wights
  A howler monkey (D:7)
  A bullfrog zombie (D:5)
  A centaur zombie (D:7)
  4 hounds
  6 orc priests
  A bullfrog skeleton (D:4)
  9 orc wizards
  3 iguanas
  Ijyb (D:3)
  Natasha (thrice) (D:2)
  Terence (D:2)
  12 worker ants
  A killer bee zombie (D:8)
  A hound zombie (D:10)
  3 hound skeletons
  A howler monkey zombie (D:5)
  A worker ant zombie (D:7)
  4 gnolls
  8 adders
  2 shadow imps
  4 ufetubi
  2 adder skeletons
  2 adder zombies
  4 worms
  3 dart slugs (D:1)
  7 leopard geckos
  51 orcs
  6 giant cockroaches
  7 goblins
  6 hobgoblins
  13 jackals
  5 quokkas
  3 ball pythons
  12 bats
  8 frilled lizards
  A giant cockroach zombie (D:5)
  A jackal zombie (D:5)
  15 kobolds
  A leopard gecko skeleton (D:7)
  A quokka skeleton (D:8)
  A quokka zombie (D:7)
  5 rats
276 creatures vanquished.

Vanquished Creatures (others)
  A plant (D:9)
1 creature vanquished.

Grand Total: 277 creatures vanquished

Table legend:
 A = Non-vault XP
 B = Vault XP
 C = Vault XP percentage of total XP
 D = Non-vault monster count
 E = Vault monster count
 F = Vault count percentage of total count
                 A         B        C        D         E       F
            +---------+---------+-------+---------+---------+-------
      Total |    9261 |    1521 |  14.1 |     260 |      16 |   5.8
            +---------+---------+-------+---------+---------+-------
        D:1 |      66 |       5 |   7.0 |      31 |       4 |  11.4
        D:2 |     119 |      72 |  37.7 |      20 |       2 |   9.1
        D:3 |      88 |      36 |  29.0 |      24 |       1 |   4.0
        D:4 |     400 |       0 |   0.0 |      31 |       0 |   0.0
        D:5 |     462 |       0 |   0.0 |      15 |       0 |   0.0
        D:6 |     216 |     132 |  37.9 |      12 |       2 |  14.3
        D:7 |    1191 |       0 |   0.0 |      36 |       0 |   0.0
        D:8 |     827 |       0 |   0.0 |      20 |       0 |   0.0
        D:9 |    1967 |     651 |  24.9 |      33 |       4 |  10.8
       D:10 |    2301 |     625 |  21.4 |      20 |       3 |  13.0
       D:11 |    1624 |       0 |   0.0 |      18 |       0 |   0.0
            +---------+---------+-------+---------+---------+-------

Illustrated notes

Table legend:
 A = Kills in this place as a percentage of kills in entire the game.
 B = Kills by you in this place as a percentage of kills by you in the entire game.
 C = Kills by friends in this place as a percentage of kills by friends in the entire game.
 D = Other kills in this place as a percentage of other kills in the entire game.
 E = Experience gained in this place as a percentage of experience gained in the entire game.
 F = Experience gained in this place divided by the number of levels of this place that you have seen.
                   A       B       C       D       E      F
               +-------+-------+-------+-------+-------+----------------------
         Total | 100.0 | 100.0 |   N/A |   N/A | 100.0 | 898.5
       Dungeon | 100.0 | 100.0 |   N/A |   N/A | 100.0 | 980.2
               +-------+-------+-------+-------+-------+----------------------

Table legend: (Time is in decaauts)
 A = Elapsed time spent in this place.
 B = Non-inter-level travel time spent in this place.
 C = Inter-level travel time spent in this place.
 D = Time resting spent in this place.
 E = Time spent auto-exploring this place.
 F = Levels seen in this place.
 G = Mean time per level.
                   A        B        C        D        E       F      G
               +--------+--------+--------+--------+--------+-----+--------+
         Total |  10682 |  10123 |    559 |      4 |   7968 |  12 |  890.2 |
       Dungeon |  10537 |  10003 |    534 |      4 |   7859 |  11 |  957.9 |
        Temple |    144 |    119 |     25 |      0 |    109 |   1 |  144.0 |
               +--------+--------+--------+--------+--------+-----+--------+

Top non-repeatable levels by time:
     D:9: 1544 daAuts
     D:4: 1242 daAuts
    D:10: 1233 daAuts
     D:1: 1114 daAuts
     D:7: 1105 daAuts
     D:8: 1073 daAuts
     D:2: 803 daAuts
     D:6: 799 daAuts
     D:5: 778 daAuts
     D:3: 671 daAuts
    D:11: 170 daAuts
  Temple: 144 daAuts
